Map: Jagannatha LE

Players

A.I. 1 (Hard)

  • Race: Zerg Zerg
  • Spawn Location: 1:00

rottenorange - Winner!

  • Race: Zerg Zerg
  • League: Bronze
  • Spawn Location: 7:00

VOD

Have the link to the VOD?

Description

Time

  • Played on: Oct. 9, 2020, 12:13 p.m.
  • Length: 8:59
Show
View Real Time Build Order
Export as new Build Order

A.I. 1 (Hard) Zerg 

Build Orders: 1 Base Baneling Bust, Pool First 

Get SALT Encoding   

  12  0:00  Drone  
  13  0:12  Overlord  
  13  0:16  Drone  
  14  0:30  Drone  
  14  0:32  Drone  
  16  0:43  Spawning Pool  
  16  0:45  Drone  
  16  0:50  Drone  
  16  0:53  Extractor  
  16  0:56  Drone  
  17  1:06  Overlord  
  17  1:31  Zergling x2  
  17  1:32  Queen  
  20  1:36  Zergling x2  
  20  1:38  Drone, Roach Warren  
  21  1:43  Extractor  
  20  1:49  Drone  
  21  2:00  Drone  
  22  2:12  Drone  
  23  2:21  Overlord  
  23  2:32  Drone  
  24  2:39  Roach  
  24  2:43  Overlord  
  24  2:44  Roach  
  28  2:49  Roach  
  30  2:55  Roach  
  34  3:05  Roach  
  34  3:10  Drone, Roach  
  37  3:12  Overlord  
  37  3:17  Drone  
  38  3:28  Baneling Nest, Drone  
  38  3:38  Roach  
  38  3:39  Evolution Chamber  
  39  3:42  Drone  
  39  3:43  Roach, Drone  
  42  3:50  Zergling x2  
  43  4:01  Drone  
  44  4:12  Drone  
  44  4:14  Drone  
  46  4:40  Zerg Melee Weapons Level 1, Lair  
  46  4:41  Overlord  
  46  4:42  Evolution Chamber  
  46  4:44  Drone  
  46  5:08  Zerg Missile Weapons Level 1  
  44  5:22  Zergling x2  
  41  5:30  Roach  
  43  5:38  Burrow, Roach  
  43  5:39  Overseer, Hydralisk Den  
  43  5:40  Overseer, Drone  
  43  5:41  Spore Crawler  
  44  5:44  Drone  
  45  5:51  Spore Crawler  
  45  5:52  Drone  
  45  6:09  Infestation Pit, Hydralisk  
  45  6:10  Drone  
  47  6:16  Hydralisk  
  47  6:17  Spine Crawler  
  48  6:19  Drone  
  48  6:24  Hydralisk  
  51  6:26  Spine Crawler  
  51  6:27  Hatchery  
  49  6:34  Hydralisk  
  49  6:37  Roach x2  
  49  6:39  Roach  
  51  6:46  Queen  
  45  6:47  Drone  
  45  6:49  Queen  
  45  6:50  Zergling x2  
  42  6:58  Roach  
  42  6:59  Hydralisk  
  36  7:06  Roach  
  36  7:13  Hydralisk  
  37  7:19  Hydralisk  
  39  7:27  Evolution Chamber  
  39  7:28  Roach  
  40  7:31  Drone  
  40  7:36  Roach  
  37  7:39  Hydralisk  
  35  7:46  Hydralisk  
  32  7:54  Hydralisk  
  32  7:57  Drone, Hydralisk  
  35  8:02  Roach  
  35  8:10  Zergling x2  
  33  8:13  Hydralisk  
  33  8:19  Queen x2  
  24  8:43  Drone x4  
Show
View Real Time Build Order
Export as new Build Order

rottenorange Zerg - Winner!

Build Orders: Hatch First 

Get SALT Encoding   

  12  0:02  Drone  
  13  0:12  Overlord  
  13  0:17  Drone  
  14  0:32  Drone x2  
  16  0:36  Drone  
  17  0:56  Hatchery  
  16  1:01  Extractor  
  15  1:11  Spawning Pool  
  15  1:13  Drone  
  15  1:17  Drone  
  16  1:33  Drone x2  
  18  1:46  Drone x2  
  20  1:59  Queen  
  22  2:07  Overlord  
  22  2:08  Queen  
  24  2:21  Zergling x4  
  26  2:33  Drone  
  26  2:34  Overlord  
  27  2:44  Queen  
  27  2:50  Drone x3  
  32  3:03  Roach Warren  
  31  3:11  Evolution Chamber  
  30  3:41  Metabolic Boost  
  29  3:53  Zerg Missile Weapons Level 1  
  29  3:57  Drone x4  
  29  3:58  Drone x2  
  29  3:59  Roach  
  29  4:00  Roach x3  
  43  4:32  Spine Crawler  
  43  4:36  Overlord x2  
  43  4:37  Overlord x3  
  42  4:38  Overlord  
  42  4:39  Drone  
  43  4:49  Spine Crawler  
  43  4:51  Spine Crawler  
  41  5:09  Roach x8  
  57  5:54  Extractor  
  57  5:55  Drone x6  
  57  5:56  Drone  
  62  6:09  Roach  
  62  6:10  Roach x6  
  76  6:36  Roach x3  
  76  6:39  Overlord x3  
  72  7:06  Roach x3  
  72  7:07  Roach x4  
  82  7:41  Overlord x3  
  82  7:42  Overlord  
  82  7:43  Roach x8  
Tags
 
Add a new tag
Caveats
  • Supply blocks, unpowered buildings, or Contaminate may cause inaccurate times.
  • Supply counts are checked every 10 seconds.